SAA
ATLANTIC CITY SONICS @ DURHAM RAPIERS
07/04/2030
 
TOP OF THE 1ST
Atlantic City Sonics batting - Pitching for Durham Rapiers : LHP Steve Seabolt
Pitching: LHP Steve Seabolt
Batting: LHB Juan Ledezma 0-0: DOUBLE (Line Drive, 78D)
Batting: RHB José Rodríguez 0-0: Ball
1-0: Ball
2-0: Called Strike
2-1: Ground out 5-3 (Groundball, 56)
Batting: RHB Eddie Sachs 0-0: Ground out 6-3 (Groundball, 6)
Batting: LHB Kelvin Abbott 0-0: Ball
1-0: Foul Ball, location: 2F
1-1: Fly out, F9 (Flyball, 9LM)
Top of the 1st over - 0 runs, 1 hit, 0 errors, 1 left on base; Atlantic City 0 - Durham 0
BOTTOM OF THE 1ST
Durham Rapiers batting - Pitching for Atlantic City Sonics : RHP Pedro Reynoso
Pitching: RHP Pedro Reynoso
Batting: LHB Alberto Garza 0-0: Ground out 6-3 (Groundball, 6)
Batting: SHB Anthony Hopkins 0-0: Ball
1-0: Swinging Strike
1-1: Ball
2-1: Called Strike
2-2: Foul Ball, location: 2F
2-2: Ball
3-2: Foul Ball, location: 2F
3-2: Foul Ball, location: 2F
3-2: SINGLE (Groundball, 56D)
Batting: SHB Wenceslas Holbeche 0-0: Fielders Choice at 2nd, 5-4 (Groundball, 56)
Batting: RHB Armando Chamú 0-0: Foul Ball, location: 2F
0-1: Ball
1-1: Ball
2-1: Called Strike
2-2: Strikes out looking
Bottom of the 1st over - 0 runs, 1 hit, 0 errors, 1 left on base; Atlantic City 0 - Durham 0
TOP OF THE 2ND
Atlantic City Sonics batting - Pitching for Durham Rapiers : LHP Steve Seabolt
Batting: RHB Alejandro Sánchez 0-0: Ball
1-0: Foul Ball, location: 2F
1-1: Ball
2-1: Swinging Strike
2-2: Ball
3-2: Ground out 5-3 (Groundball, 56S)
Batting: RHB Jeff Quesenberry 0-0: Called Strike
0-1: Called Strike
0-2: Ball
1-2: SINGLE (Groundball, 4D)
Batting: LHB José Pacheco 0-0: Ball
Jeff Quesenberry is caught stealing 2nd base
1-0: Ball
2-0: Foul Ball, location: 2F
2-1: Swinging Strike
2-2: Ball
3-2: Base on Balls
Batting: RHB Randy Sheffield 0-0: Foul Ball, location: 2F
0-1: Ball
1-1: Called Strike
1-2: Strikes out swinging
Top of the 2nd over - 0 runs, 1 hit, 0 errors, 1 left on base; Atlantic City 0 - Durham 0
BOTTOM OF THE 2ND
Durham Rapiers batting - Pitching for Atlantic City Sonics : RHP Pedro Reynoso
Batting: RHB Vincent Klein 0-0: Ball
1-0: Ball
2-0: Called Strike
2-1: Foul Ball, location: 2F
2-2: Ball
3-2: Fly out, F8 (Flyball, 8RS)
Batting: RHB Tomás Costello 0-0: Ball
1-0: Ball
2-0: Ball
3-0: Base on Balls
Batting: RHB Guillermo Mata 0-0: Ball
1-0: Ball
2-0: Fly out, F7 (Flyball, 78D)
Batting: RHB Yoshi Kouda 0-0: Swinging Strike
0-1: Called Strike
0-2: Foul Ball, location: 2F
0-2: Strikes out looking
Bottom of the 2nd over - 0 runs, 0 hits, 0 errors, 1 left on base; Atlantic City 0 - Durham 0
TOP OF THE 3RD
Atlantic City Sonics batting - Pitching for Durham Rapiers : LHP Steve Seabolt
Batting: RHB Malcolm Campbell 0-0: Ball
1-0: Called Strike
1-1: Ball
2-1: Ball
3-1: Swinging Strike
3-2: Foul Ball, location: 2F
3-2: Foul Ball, location: 2F
3-2: Strikes out swinging
Batting: LHB Juan Ledezma 0-0: Ball
1-0: Fly out, F5 (Line Drive, 56)
Batting: RHB José Rodríguez 0-0: Ball
1-0: Ball
2-0: Swinging Strike
2-1: Ball
3-1: Fly out, F7 (Flyball, 7)
Top of the 3rd over - 0 runs, 0 hits, 0 errors, 0 left on base; Atlantic City 0 - Durham 0
BOTTOM OF THE 3RD
Durham Rapiers batting - Pitching for Atlantic City Sonics : RHP Pedro Reynoso
Batting: RHB Lu-fang Koo 0-0: Called Strike
0-1: Ball
1-1: Ball
2-1: Ground out 6-3 (Groundball, 6M)
Batting: LHB Alberto Garza 0-0: Ball
1-0: Foul Ball, location: 2F
1-1: Called Strike
1-2: Ball
2-2: Ball
3-2: Foul Ball, location: 2F
3-2: Fly out, F6 (Line Drive, 6)
Batting: SHB Anthony Hopkins 0-0: Ball
1-0: Called Strike
1-1: Ball
2-1: Foul Ball, location: 2F
2-2: Ball
3-2: Fly out, F6 (Line Drive, 6M)
Bottom of the 3rd over - 0 runs, 0 hits, 0 errors, 0 left on base; Atlantic City 0 - Durham 0
TOP OF THE 4TH
Atlantic City Sonics batting - Pitching for Durham Rapiers : LHP Steve Seabolt
Batting: RHB Eddie Sachs 0-0: Fly out, F7 (Flyball, 7S)
Batting: LHB Kelvin Abbott 0-0: Ball
1-0: Ball
2-0: Ball
3-0: Base on Balls
Batting: RHB Alejandro Sánchez 0-0: Ball
1-0: Fielders Choice at 2nd, 4-6 (Groundball, 4)
Batting: RHB Jeff Quesenberry 0-0: Fly out, F9 (Flyball, 9)
Top of the 4th over - 0 runs, 0 hits, 0 errors, 1 left on base; Atlantic City 0 - Durham 0
BOTTOM OF THE 4TH
Durham Rapiers batting - Pitching for Atlantic City Sonics : RHP Pedro Reynoso
Batting: SHB Wenceslas Holbeche 0-0: Ball
1-0: Foul Ball, location: 2F
1-1: Foul Ball, location: 2F
1-2: Foul Ball, location: 2F
1-2: Foul Ball, location: 2F
1-2: Ball
2-2: Ball
3-2: Foul Ball, location: 2F
3-2: SINGLE (Flyball, 78S)
Batting: RHB Armando Chamú 0-0: Foul Ball, location: 2F
0-1: Foul Ball, location: 2F
0-2: Ball
1-2: Foul Ball, location: 2F
1-2: Ball
2-2: Foul Ball, location: 2F
2-2: Foul Ball, location: 2F
2-2: Ball
3-2: Fly out, F7 (Flyball, 7D)
Batting: RHB Vincent Klein 0-0: Ball
1-0: Foul Ball, location: 2F
1-1: Fly out, F3 (Line Drive, 3S)
Batting: RHB Tomás Costello 0-0: Swinging Strike
0-1: Foul Ball, location: 2F
0-2: Ball
1-2: Ball
2-2: Ball
3-2: Strikes out swinging
Bottom of the 4th over - 0 runs, 1 hit, 0 errors, 1 left on base; Atlantic City 0 - Durham 0
TOP OF THE 5TH
Atlantic City Sonics batting - Pitching for Durham Rapiers : LHP Steve Seabolt
Batting: LHB José Pacheco 0-0: Ball
1-0: SINGLE (Line Drive, 9LM)
Batting: RHB Randy Sheffield 0-0: Ball
1-0: Called Strike
1-1: Bunt - Flyout - DP at third! 3-4
Batting: RHB Malcolm Campbell 0-0: Called Strike
0-1: Ground out 5-3 (Groundball, 5S)
Top of the 5th over - 0 runs, 1 hit, 0 errors, 0 left on base; Atlantic City 0 - Durham 0
BOTTOM OF THE 5TH
Durham Rapiers batting - Pitching for Atlantic City Sonics : RHP Pedro Reynoso
Batting: RHB Guillermo Mata 0-0: Ground out 6-3 (Groundball, 6MD)
Batting: RHB Yoshi Kouda 0-0: Ball
1-0: Ball
2-0: Foul Ball, location: 2F
2-1: Ball
3-1: Base on Balls
Batting: RHB Lu-fang Koo 0-0: Called Strike
0-1: Ball
Yoshi Kouda steals 2nd base
1-1: Ball
2-1: Ground out 5-3 (Groundball, 56S)
Yoshi Kouda to third
Batting: LHB Alberto Garza 0-0: Swinging Strike
0-1: SINGLE (Groundball, 6MD)
Yoshi Kouda scores
Batting: SHB Anthony Hopkins 0-0: Foul Ball, location: 2F
0-1: Ball
1-1: Fly out, F8 (Flyball, 8RS)
Bottom of the 5th over - 1 run, 1 hit, 0 errors, 1 left on base; Atlantic City 0 - Durham 1
TOP OF THE 6TH
Atlantic City Sonics batting - Pitching for Durham Rapiers : LHP Steve Seabolt
Batting: LHB Juan Ledezma 0-0: Called Strike
0-1: Foul Ball, location: 2F
0-2: Ball
1-2: Strikes out swinging
Batting: RHB José Rodríguez 0-0: Ball
1-0: Ground out U3 (Groundball, 34S)
Batting: RHB Eddie Sachs 0-0: Called Strike
0-1: Fly out, F8 (Flyball, 8RS)
Top of the 6th over - 0 runs, 0 hits, 0 errors, 0 left on base; Atlantic City 0 - Durham 1
BOTTOM OF THE 6TH
Durham Rapiers batting - Pitching for Atlantic City Sonics : RHP Pedro Reynoso
Now in CF: Eugene Harrison
Batting: SHB Wenceslas Holbeche 0-0: Called Strike
0-1: Swinging Strike
0-2: Strikes out swinging
Batting: RHB Armando Chamú 0-0: Ball
1-0: Called Strike
1-1: Fly out, F8 (Flyball, 8LM)
Batting: RHB Vincent Klein 0-0: SINGLE (Groundball, 56D)
Batting: RHB Tomás Costello 0-0: Swinging Strike
0-1: Ball
1-1: Ball
2-1: Swinging Strike
2-2: SINGLE (Line Drive, 8LS)
Vincent Klein to second
Runner from 2nd tries for 3rd, SAFE, no throw
Batting: RHB Guillermo Mata 0-0: Fly out, F7 (Flyball, 7S)
Bottom of the 6th over - 0 runs, 2 hits, 0 errors, 2 left on base; Atlantic City 0 - Durham 1
TOP OF THE 7TH
Atlantic City Sonics batting - Pitching for Durham Rapiers : LHP Steve Seabolt
Batting: RHB Eugene Harrison 0-0: Ball
1-0: Called Strike
1-1: Ball
2-1: Foul Ball, location: 2F
2-2: Ball
3-2: Fly out, F5 (Popup, 5S)
Batting: RHB Alejandro Sánchez 0-0: Ball
1-0: Called Strike
1-1: Fly out, F7 (Flyball, 7LSF)
Batting: RHB Jeff Quesenberry 0-0: Ball
1-0: Ball
2-0: SINGLE (Line Drive, 3L)
Pinch Hitting: RHB Dam Son 0-0: Called Strike
0-1: Called Strike
0-2: Ball
1-2: Foul Ball, location: 2F
1-2: Ball
2-2: SINGLE (Line Drive, 6D)
Jeff Quesenberry to second
Runner from 2nd tries for 3rd, SAFE, no throw
Pitching: LHP John Hartley
Batting: RHB Randy Sheffield 0-0: Called Strike
0-1: Called Strike
0-2: Fly out, F7 (Line Drive, 7LM)
Top of the 7th over - 0 runs, 2 hits, 0 errors, 2 left on base; Atlantic City 0 - Durham 1
BOTTOM OF THE 7TH
Durham Rapiers batting - Pitching for Atlantic City Sonics : RHP Pedro Reynoso
Now in LF: Cristián Alfonso
Batting: RHB Yoshi Kouda 0-0: Foul Ball, location: 2F
0-1: Ball
1-1: Ball
2-1: Foul Ball, location: 2F
2-2: Ball
3-2: Strikes out swinging
Batting: RHB Lu-fang Koo 0-0: Ball
1-0: Called Strike
1-1: Called Strike
1-2: Foul Ball, location: 2F
1-2: Ball
2-2: Fly out, F7 (Line Drive, 7S)
Batting: LHB Alberto Garza 0-0: Ground out U3 (Groundball, 3)
Bottom of the 7th over - 0 runs, 0 hits, 0 errors, 0 left on base; Atlantic City 0 - Durham 1
TOP OF THE 8TH
Atlantic City Sonics batting - Pitching for Durham Rapiers : LHP John Hartley
Now at 3B: Júlio Gonzáles
Batting: RHB Malcolm Campbell 0-0: Ball
1-0: Ball
2-0: Ball
3-0: Called Strike
3-1: Called Strike
3-2: Foul Ball, location: 2F
3-2: SINGLE (Flyball, 78S)
Batting: LHB Juan Ledezma 0-0: Foul Ball, location: 2F
0-1: Ball
1-1: Ball
2-1: Sac Bunt - play at first, batter OUT! 5-4
Malcolm Campbell to second
Batting: RHB José Rodríguez 0-0: Swinging Strike
0-1: Ball
1-1: Called Strike
1-2: Ball
2-2: Strikes out swinging
Pitching: RHP Francisco Rivera
Batting: RHB Eddie Sachs 0-0: Foul Ball, location: 2F
0-1: Ball
1-1: Ground out 4-3 (Groundball, 34D)
Top of the 8th over - 0 runs, 1 hit, 0 errors, 1 left on base; Atlantic City 0 - Durham 1
BOTTOM OF THE 8TH
Durham Rapiers batting - Pitching for Atlantic City Sonics : RHP Pedro Reynoso
Pitching: LHP Doppo Omikado
Batting: SHB Anthony Hopkins 0-0: Ball
1-0: SINGLE (Groundball, 4MD)
Pinch Hitting: RHB Carlos Evangelho 0-0: Ball
1-0: Reached on error, E4 (Groundball, 34D)
Anthony Hopkins to second
Batting: RHB Armando Chamú 0-0: Foul Ball, location: 2F
0-1: Ball
1-1: Swinging Strike
1-2: Ball
2-2: Ball
3-2: Foul Ball, location: 2F
3-2: Fly out, F9 (Flyball, 89D)
Runner from 2nd tags up, SAFE at 3rd, no throw
Batting: RHB Vincent Klein 0-0: Fly out, F7 (Flyball, 7)
Batting: RHB Tomás Costello 0-0: Ball
1-0: Ball
2-0: Fly out, F8 (Flyball, 8RM)
Bottom of the 8th over - 0 runs, 1 hit, 1 error, 2 left on base; Atlantic City 0 - Durham 1
TOP OF THE 9TH
Atlantic City Sonics batting - Pitching for Durham Rapiers : RHP Francisco Rivera
Pitching: RHP Quinton Richards
Now at 1B: Ignacio Hernández
Now in CF: Jesús Cisneros
Batting: RHB Eugene Harrison 0-0: Ball
1-0: Ball
2-0: Swinging Strike
2-1: Reached on error, E5 (Groundball, 56)
Batting: RHB Alejandro Sánchez 0-0: Ball
1-0: SINGLE (Line Drive, 4M)
Eugene Harrison to second
Batting: RHB Jeff Quesenberry 0-0: DOUBLE (Line Drive, 7LM)
Eugene Harrison scores
Alejandro Sánchez to third
Pinch Hitting: LHB Russ Hanneman 0-0: Intentional Walk
Batting: RHB Randy Sheffield 0-0: Foul Ball, location: 2F
0-1: SINGLE (Groundball, 34D)
Alejandro Sánchez scores
Jeff Quesenberry to third
Russ Hanneman to second
Batting: RHB Malcolm Campbell 0-0: Called Strike
0-1: Called Strike
0-2: Foul Ball, location: 2F
0-2: Strikes out swinging
Batting: LHB Juan Ledezma 0-0: Ball
1-0: Fly out, F8 (Flyball, 8LS)
Runner from 3rd tags up, SCORES, no throw
Batting: RHB José Rodríguez 0-0: Fly out, F4 (Flyball, 34D)
Top of the 9th over - 3 runs, 3 hits, 1 error, 2 left on base; Atlantic City 3 - Durham 1
BOTTOM OF THE 9TH
Durham Rapiers batting - Pitching for Atlantic City Sonics : LHP Doppo Omikado
Now in LF: Ward Wilberfoss
Batting: RHB Guillermo Mata 0-0: Ball
1-0: Ground out 5-3 (Groundball, 56)
Batting: RHB Yoshi Kouda 0-0: Ball
1-0: Foul Ball, location: 2F
1-1: Called Strike
1-2: Strikes out looking
Batting: RHB Júlio Gonzáles 0-0: Ball
1-0: Called Strike
1-1: Foul Ball, location: 2F
1-2: SOLO HOME RUN (Line Drive, 7D), Distance : 380 ft
Pinch Hitting: SHB Cash Masters 0-0: Ball
1-0: Foul Ball, location: 2F
1-1: Called Strike
1-2: Ground out 5-3 (Groundball, 5S)
Bottom of the 9th over - 1 run, 1 hit, 0 errors, 0 left on base; Atlantic City 3 - Durham 2
Sunday, March 18th, 2018 - OOTP Baseball 18.8 Build 76